 Dungeon Crawl Stone Soup version 0.30.0-29-ga12c61a403 (webtiles) character file.

Game seed: 14205645355809738046

17611 RivsDCSS the Warrior (level 12, -6/125 HPs)
             Began as a Minotaur Berserker on June 25, 2023.
             Was a High Priest of Trog.
             Mangled by an enormous slime creature (40 damage)
             ... on level 12 of the Dungeon.
             The game lasted 00:57:30 (11576 turns).

RivsDCSS the Warrior (Minotaur Berserker)          Turns: 11576, Time: 00:57:31

Health: -6/125     AC: 13    Str: 26    XL:     12   Next: 20%
Magic:  11/11      EV:  9    Int:  4    God:    Trog [*****.]
Gold:   636        SH:  0    Dex: 14    Spells: 11/11 levels left

rFire   . . .        T - +3 broad axe
rCold   + + .        (no shield)
rNeg    . . .        r - +0 chain mail
rPois   .            (helmet restricted)
rElec   .            (no cloak)
rCorr   .            (no gloves)
SInv    .            S - +0 pair of boots of Inevitability {rC+ Dex+3}
Will    .....        p - amulet of regeneration Stlth
                     k - +4 ring of protection
HPRegen 1.20/turn    X - ring of protection from cold
MPRegen 0.12/turn

%: no passive effects
@: no status effects
A: horns 2, retaliatory headbutt
a: Renounce Religion, Berserk, Trog's Hand, Brothers in Arms


You were on level 12 of the Dungeon.
You worshipped Trog.
Trog was extremely pleased with you.
You visited 1 branch of the dungeon, and saw 12 of its levels.
You visited the Abyss 1 time.
You also visited: Bailey and Ice Cave.

You collected 636 gold pieces.

Inventory:

Hand Weapons
 b - a +2 battleaxe
 L - a +1 antimagic hand axe
 T - a +3 broad axe (weapon)
 U - the +1 war axe of the Yoke {heavy, Str+3 Stlth+}
   (You found it on level 9 of the Dungeon)

   Str:       It affects your strength (+3).
   Stlth:     It makes you more stealthy.
Missiles
 I - 9 curare-tipped darts (quivered)
Armour
 n - the +2 pair of boots of Forking Paths {rPois Str+4 Int-4 Stlth+}
   (You found it on level 6 of the Dungeon)

   Str:       It affects your strength (+4).
   Int:       It affects your intelligence (-4).
   rPois:     It protects you from poison.
   Stlth:     It makes you more stealthy.
 r - a +0 chain mail (worn)
 G - a +1 kite shield of cold resistance
 H - a +0 tower shield of cold resistance
 S - the +0 pair of boots of Inevitability (worn) {rC+ Dex+3}
   (You found it in a bailey)

   Dex:       It affects your dexterity (+3).
   rC:        It protects you from cold.
 Z - a scarf of resistance
Jewellery
 k - a +4 ring of protection (left hand)
 p - an amulet of regeneration (around neck)
 w - a ring of ice
 M - a +6 ring of strength
 Q - the ring of Temptation {Fly Will++}
   (You took it off a hobgoblin in a bailey)

   [ring of flight]

   Fly:       It grants you flight.
   Will:      It greatly increases your willpower.
 X - a ring of protection from cold (right hand)
Wands
 g - a wand of polymorph (4)
 B - a wand of light (11)
 E - a wand of roots (6)
 J - a wand of digging (3)
 O - a wand of charming (11)
 Y - a wand of flame (4)
Scrolls
 a - a scroll of blinking {unknown}
 c - 6 scrolls of teleportation
 e - 3 scrolls of magic mapping
 j - a scroll of enchant weapon
 l - a scroll of poison {unknown}
 o - a scroll of acquirement {unknown}
 q - a scroll of fear {unknown}
 t - 3 scrolls of immolation
 u - 2 scrolls of noise {unknown}
 x - 2 scrolls of amnesia {unknown}
 y - 3 scrolls of vulnerability
 z - a scroll of butterflies {unknown}
 C - a scroll of brand weapon {unknown}
 P - 6 scrolls of fog {unknown}
 V - a scroll of torment {unknown}
 W - 4 scrolls of identify
Potions
 d - 7 potions of curing
 f - 2 potions of invisibility
 h - 2 potions of haste {unknown}
 i - 2 potions of mutation
 m - 4 potions of flight
 s - 4 potions of might
 v - 2 potions of lignification
 A - a potion of brilliance {unknown}
 D - 2 potions of ambrosia {unknown}
 F - 2 potions of heal wounds
 K - 2 potions of attraction {unknown}


   Skills:
 + Level 17.0 Fighting
 + Level 17.0 Axes
 - Level 2.4 Armour
 - Level 2.1 Dodging


You had 11 spell levels left.
You didn't know any spells.
Your spell library was empty.

Dungeon Overview and Level Annotations

Branches:
Dungeon (12/15)            Temple (0/1) D:5            Lair (0/5) D:9
    Orc (0/2) D:11         Bailey (visited)           IceCv (visited)

Altars:
Ashenzari
Cheibriados
Fedhas

Shops:
D:2 [   D:3 :   D:5 =   D:8 (

Portals:
Trove: D:10 (give +4 fire dragon scales)

Annotations:
D:8 1 runed translucent door, belegose's ghost, novice DjWn


Innate Abilities, Weirdness & Mutations

You have a pair of horns on your head.
You reflexively headbutt those who attack you in melee.


Message History

You hit the slime creature.
The slime creature is heavily wounded.
The slime creature hits you!
You slash the slime creature!
The slime creature is severely wounded.
The slime creature hits you!
You slice the slime creature!!
You kill the slime creature!
Trog accepts your kill.
You hit the slime creature.
The slime creature is lightly wounded.
You slice the slime creature!!
The slime creature is moderately wounded.
The slime creature hits you!
Two slime creatures merge to form a large slime creature.
You slice the large slime creature!! You headbutt the large slime creature!
The large slime creature is heavily wounded.
You slice the large slime creature!! You headbutt the large slime creature!
The large slime creature is severely wounded.
Two slime creatures merge to form a very large slime creature.
You slice the very large slime creature!!
You headbutt the very large slime creature!
The very large slime creature is severely wounded.
You slash the very large slime creature!
The very large slime creature is severely wounded.
The very large slime creature closely misses you.
You furiously retaliate!
You headbutt the very large slime creature.
Two slime creatures merge to form an enormous slime creature.
You slash the enormous slime creature!
The enormous slime creature is severely wounded.
The enormous slime creature attacks as you move away!
The enormous slime creature hits you!!!
The enormous slime creature attacks as you move away!
The enormous slime creature hits you!
* * * LOW HITPOINT WARNING * * *
There is an open door here.
The enormous slime creature attacks as you move away!
The enormous slime creature hits you!!!
You die...

#..#...##......?.J.$#[..#......
.................J.)...........
########....c##########'######
#.###c#...............# +.#
#.#............)..# #.#
#.#...............# #
#..#.###.#........)......#
#####..#.....####J####..##+###
#...#..#........@....#<.##
#...+..#.............#...#
'.###..#...##........#...#
#.###..#...##........#...#
.......#...##........#...#
.......'.............#...#
..###..#.............#..##
..###..###.....####'##..######
...##....#.....#.....).......#


You could see an enormous slime creature.

Vanquished Creatures
  A reaper (IceCv)
  2 boulder beetles
  A centaur warrior (D:12)
  A two-headed ogre (D:9)
  An orc knight (D:11)
  A deep elf pyromancer (D:12)
  An ugly thing (IceCv)
  A cyclops (D:11)
  2 ice statues (IceCv)
  2 unseen horrors (D:11)
  An anaconda simulacrum (IceCv)
  4 ice devils (IceCv)
  4 trolls
  2 hornets
  A slime creature (D:12)
  A small abomination (Abyss:1)
  10 yaks
  A vampire (D:7)
  3 wyverns
  A steam dragon (D:8)
  2 vampire mosquitoes (D:7)
  A death yak simulacrum (IceCv)
  2 hydra simulacra (IceCv)
  A water moccasin (D:7)
  5 black bears
  A sky beast (D:7)
  10 orc warriors
  2 ice beasts
  An ogre (D:3)
  13 centaurs
  3 kobold brigands
  A phantom (D:5)
  2 bullfrogs (D:7)
  A gnoll sergeant (D:9)
  2 scorpions
  2 two-headed ogre simulacra (IceCv)
  10 wights
  A howler monkey (D:6)
  A quasit (Abyss:1)
  5 jellies
  10 orc priests
  4 hounds
  2 gnoll boudas (D:7)
  3 iguanas
  A sleepcap (D:7)
  Ijyb (D:4)
  17 orc wizards
  3 troll simulacra (IceCv)
  3 polar bear simulacra (IceCv)
  A wolf simulacrum (IceCv)
  A spriggan simulacrum (IceCv)
  Robin (D:1)
  10 adders
  16 gnolls
  2 naga simulacra (IceCv)
  A shadow imp (D:7)
  17 white imps
  7 ufetubi
  3 worms
  63 orcs
  7 endoplasms
  4 giant cockroaches (D:2)
  20 goblins
  26 hobgoblins
  4 jackals (D:2)
  8 quokkas
  11 ball pythons
  3 bats
  7 frilled lizards
  23 kobolds
  6 rats
392 creatures vanquished.

Notes
Turn   | Place    | Note
-------+----------+-------------------------------------------
     0 | D:1      | RivsDCSS the Minotaur Berserker began the quest for the
                  | Orb.
     0 | D:1      | Reached XP level 1. HP: 19/19 MP: 0/0
   253 | D:1      | Found a faded altar of an unknown god.
   268 | D:1      | Reached XP level 2. HP: 18/27 MP: 1/1
   788 | D:2      | Noticed Robin
   796 | D:1      | Killed Robin
   797 | D:1      | Reached XP level 3. HP: 28/34 MP: 2/2
   825 | D:2      | Reached ** piety under Trog
  1050 | D:2      | Reached XP level 4. HP: 41/41 MP: 3/3
  1074 | D:2      | Reached skill level 5 in Fighting
  1180 | D:2      | Reached skill level 5 in Axes
  1606 | D:2      | Found Pegith's Antique Armour Shoppe.
  1655 | D:2      | Reached XP level 5. HP: 48/48 MP: 4/4
  2081 | D:3      | Reached *** piety under Trog
  2112 | D:3      | Found a blossoming altar of Fedhas.
  2131 | D:3      | Found a broken altar of Ashenzari.
  2377 | D:3      | Found Gadir's Book Shop.
  2377 | D:3      | Noticed a walking crystal tome
  2377 | D:3      | Noticed a walking earthen tome
  2604 | D:3      | Reached XP level 6. HP: 46/57 MP: 5/5
  3300 | D:4      | Noticed Ijyb
  3327 | D:4      | Killed Ijyb
  3709 | D:5      | Entered Level 5 of the Dungeon
  3716 | D:4      | Reached XP level 7. HP: 62/66 MP: 6/6
  3775 | D:5      | Found a staircase to the Ecumenical Temple.
  3780 | D:5      | Found Sewuijip's Jewellery Boutique.
  3935 | D:5      | Reached **** piety under Trog
  4299 | D:5      | Reached XP level 8. HP: 66/75 MP: 7/7
  4684 | D:6      | Identified the +2 pair of boots of Forking Paths {rPois
                  | Str+4 Int-4 Stlth+}
  4748 | D:6      | Noticed a hornet
  4757 | D:6      | Killed a hornet
  5116 | D:6      | Reached skill level 10 in Fighting
  5116 | D:6      | Reached skill level 10 in Axes
  5174 | D:6      | You fall into a shaft and drop 1 floor!
  5600 | D:7      | Reached XP level 9. HP: 86/86 MP: 8/8
  5626 | D:7      | Reached ***** piety under Trog
  5870 | D:7      | Noticed a two-headed ogre
  6370 | D:7      | Noticed a troll
  6720 | D:8      | Reached XP level 10. HP: 100/100 MP: 9/9
  7200 | D:8      | Found a runed translucent door.
  7202 | D:8      | Noticed belegose's ghost (novice DjWn)
  7301 | D:8      | Found Lymmufib's Weapon Boutique.
  7579 | D:9      | Found a snail-covered altar of Cheibriados.
  7615 | D:9      | Found a staircase to the Lair.
  7691 | Abyss:1  | Cast into level 1 of the Abyss (gnoll sergeant)
  7787 | Abyss:1  | Noticed a vampire mage
  7823 | D:9      | Escaped the Abyss
  7907 | D:9      | Found a flagged portal.
  7937 | D:9      | Received a gift from Trog
  7947 | Bailey   | Entered a bailey
  8065 | Bailey   | Identified the ring of Temptation {Fly Will++}
  8140 | Bailey   | Identified the +1 scale mail of Hecava {*Corrode rElec
                  | Str+3}
  8146 | Bailey   | Identified the +0 pair of boots of Inevitability {rC+
                  | Dex+3}
  8300 | D:9      | Noticed a two-headed ogre
  8396 | D:9      | Identified the +1 war axe of the Yoke {heavy, Str+3 Stlth+}
  8431 | D:9      | Identified the +0 arbalest of Peace {flame, Stlth+}
  8746 | D:9      | Killed a two-headed ogre
  8791 | D:10     | Entered Level 10 of the Dungeon
  8894 | D:10     | Noticed a boulder beetle
  8960 | D:10     | Found a portal to a secret trove of treasure.
  8967 | D:10     | Reached XP level 11. HP: 101/111 MP: 10/10
  8998 | D:10     | Killed a boulder beetle
  9538 | D:11     | Noticed a boulder beetle
  9552 | D:11     | Killed a boulder beetle
  9553 | D:11     | Reached skill level 15 in Fighting
  9553 | D:11     | Reached skill level 15 in Axes
  9645 | D:11     | Received a gift from Trog
  9717 | D:11     | Noticed an orc knight
  9742 | D:11     | Found a staircase to the Orcish Mines.
  9756 | D:11     | Found a frozen archway.
  9859 | IceCv    | Entered an ice cave
 10050 | IceCv    | Noticed a white ugly thing
 10064 | IceCv    | Killed a white ugly thing
 10318 | IceCv    | Noticed a reaper
 10352 | IceCv    | Killed a reaper
 10622 | D:11     | Killed an orc knight
 10794 | D:11     | Received a gift from Trog
 10795 | D:11     | Reached XP level 12. HP: 122/124 MP: 11/11
 11395 | D:12     | Noticed a centaur warrior
 11400 | D:12     | Identified the +2 robe "Mocaath" {Int+4}
 11402 | D:12     | Killed a centaur warrior
 11576 | D:12     | Mangled by an enormous slime creature

Illustrated notes

Levels and vault maps discovered:
D:1:      onia_arrival_mini_spirals, layout_basic,
          chequers_ecumenical_altar_twisty
D:2:      minmay_chambers_of_ones, layout_loops_cross, serial_shops, shop,
          kennysheep_generic_room_12, uniq_robin
D:3:      layout_rooms, mainiacjoe_overflow_swirl, serial_shops,
          nicolae_shop_mannequins, minmay_cupped
D:4:      layout_loops_ring, minmay_misc_feat_diagonals, sigmund_army, uniq_ijyb
D:5:      layout_basic, minmay_temple_entry_purple_smoke, serial_shops, shop,
          nicolae_goblin_pals
D:6:      layout_basic, minmay_circle_x
D:7:      nzn_winding_woodlands_medium [nzn_winding_woodlands_hourglass,
          nzn_winding_woodlands_5x15_concentric,
          nzn_winding_woodlands_5x5_three, nzn_winding_woodlands_5x5_default,
          nzn_winding_woodlands_center_lodge, nzn_winding_woodlands_5x5_cross,
          nzn_winding_woodlands_5x5_default, nzn_winding_woodlands_5x15_crooked,
          nzn_winding_woodlands_5x5_default], layout_basic
D:8:      layout_cave_pools, ebering_ghost_inner_flame, serial_shops,
          nicolae_shop_bloodbath_and_beyond
D:9:      layout_cave_pools, mainiacjoe_overflow_24_doors, lair_entry_dummy,
          enter_bailey_5, lightli_orcish_oven
D:10:     layout_basic, enter_trove_2
D:11:     layout_roguey, david_orc_5, portal_ice_cave_entry_imps
D:12:     layout_stronghold, hangedman_decor_push

Skill      XL: |  1  2  3  4  5  6  7  8  9 10 11 12 |
---------------+-------------------------------------+-----
Fighting       | 4 5 6 7 8 10 12 14 16 17 | 17.0
Axes           | 4 5 6 7 8 10 12 14 16 17 | 17.0
Armour         | |  2.4
Dodging        | |  2.1

Action                     |  1- 3 |  4- 6 |  7- 9 | 10-12 || total
---------------------------+-------+-------+-------+-------++-------
  Melee: Hand axe          |    80 |   190 |   115 |       ||   385
         Headbutt          |     9 |    33 |    58 |    97 ||   197
         Punch             |       |     3 |     3 |     6 ||    12
         War axe           |       |       |   166 |   145 ||   311
         Broad axe         |       |       |       |   272 ||   272
  Throw: Dart              |       |       |       |     2 ||     2
 Invoke: Berserk           |       |       |     1 |     3 ||     4
    Use: Scroll            |       |     4 |     5 |     4 ||    13
         Potion            |       |       |       |     1 ||     1
 Armour: Animal skin       |    34 |    18 |       |       ||    52
         Chain mail        |       |    75 |   187 |   292 ||   554
  Dodge: Dodged            |    64 |    98 |   135 |   243 ||   540
